 Dungeon Crawl Stone Soup version 0.24.1-11-gbbbb2193e6 (webtiles) character file.

Game seed: 8010064934448540380, levelgen mode: deterministic

5370 Mrkan the Spear-Bearer (level 10, -31/82 HPs)
             Began as a Gnoll Berserker on May 14, 2020.
             Was a High Priest of Trog.
             Killed from afar by a fire dragon (44 damage)
             ... with a blast of flame
             ... on level 9 of the Dungeon.
             The game lasted 00:19:38 (9096 turns).

Mrkan the Spear-Bearer (Gnoll Berserker)            Turns: 9096, Time: 00:19:39

Health: -31/82     AC: 14    Str: 22    XL:     10   Next: 66%
Magic:  0/18       EV: 10    Int: 10    God:    Trog [*****.]
Gold:   221        SH:  0    Dex: 15    Spells: 19/19 levels left

rFire    . . .     SeeInvis .   F - +3 spear (flame)
rCold    . . .     Gourm    .   s - +0 buckler
rNeg     . . .     Faith    .   E - +1 plate armour
rPois    .         Spirit   +   (no helmet)
rElec    .         Reflect  .   f - scarf {Spirit}
rCorr    +         Harm     .   (no gloves)
MR       .....                  (no boots)
Stlth    ..........             n - amulet of regeneration
HPRegen  0.63/turn              b - ring of resist corrosion
MPRegen  0.16/turn              (no ring)

@: confused
A: distributed training, fangs 1, strong nose
a: Berserk, Trog's Hand, Brothers in Arms, Renounce Religion


You were on level 9 of the Dungeon.
You worshipped Trog.
Trog was extremely pleased with you.
You were not hungry.

You visited 1 branch of the dungeon, and saw 9 of its levels.

You collected 221 gold pieces.

Inventory:

Hand Weapons
 i - a +0 hunting sling
 D - a +1 antimagic spear
 F - a +3 spear of flaming (weapon)
Missiles
 e - 4 curare-tipped darts (quivered)
 h - 85 sling bullets
 j - 331 stones
 y - 6 javelins
Armour
 f - a scarf of spirit shield (worn)
 s - a +0 buckler (worn)
 E - a +1 plate armour (worn)
Jewellery
 b - a ring of resist corrosion (left hand)
 n - an amulet of regeneration (around neck)
 t - an uncursed ring of ice
 H - an uncursed amulet of the gourmand {unknown}
Wands
 v - a wand of disintegration (10)
 w - a wand of paralysis (9)
 x - a wand of digging (6)
 A - a wand of iceblast (6)
 G - a wand of random effects (18)
 I - a wand of flame (27)
Scrolls
 d - 5 scrolls of identify
 l - 3 scrolls of teleportation
 o - a scroll of fear {unknown}
 p - a scroll of remove curse
 q - a scroll of blinking
 z - 2 scrolls of enchant armour
 J - a scroll of immolation {unknown}
Potions
 a - a potion of degeneration {unknown}
 g - 4 potions of lignification
 k - 4 potions of might
 m - a potion of magic
 r - a potion of resistance {unknown}
 u - a potion of flight
 B - 2 potions of brilliance {unknown}
 C - a potion of haste {unknown}
 K - 2 potions of ambrosia {unknown}
Comestibles
 c - 18 rations
 L - 3 chunks of flesh


   Skills:
 + Level 8.6 Fighting
 + Level 5.4 Short Blades
 + Level 5.4 Long Blades
 + Level 5.4 Axes
 + Level 5.4 Maces & Flails
 + Level 8.6 Polearms
 + Level 5.4 Staves
 + Level 5.4 Slings
 + Level 5.4 Bows
 + Level 5.4 Crossbows
 + Level 5.4 Throwing
 + Level 7.1 Armour
 + Level 7.1 Dodging
 + Level 5.4 Stealth
 + Level 5.4 Shields
 + Level 5.4 Unarmed Combat
 + Level 5.4 Spellcasting
 + Level 4.4 Conjurations
 + Level 4.4 Hexes
 + Level 4.4 Charms
 + Level 4.4 Summonings
 + Level 4.4 Necromancy
 + Level 4.4 Translocations
 + Level 4.4 Transmutations
 + Level 4.4 Fire Magic
 + Level 4.4 Ice Magic
 + Level 4.4 Air Magic
 + Level 4.4 Earth Magic
 + Level 4.4 Poison Magic
 + Level 5.9 Invocations
 + Level 5.4 Evocations


You had 19 spell levels left.
You didn't know any spells.
Your spell library was empty.

Dungeon Overview and Level Annotations

Branches:
Dungeon (9/15)             Temple (0/1) D:5            Lair (0/6) D:9
    Orc: D:9-12

Altars:
Okawaru
Trog


Innate Abilities, Weirdness & Mutations

Your experience applies equally to all skills.
You have very sharp teeth.
Your uncanny sense of smell can sniff out nearby items.


Message History

The fire dragon bites you but does no damage.
The fire dragon closely misses you.
The fire dragon tramples you but does no damage.
The deep elf archer hits you with a +0 short sword!
* * * LOW HITPOINT WARNING * * *
You bump into the stone wall.
The fire dragon bites you.
* * * LOW HITPOINT WARNING * * *
The fire dragon barely misses you.
The fire dragon tramples you but does no damage.
The deep elf archer hits you with a +0 short sword.
* * * LOW HITPOINT WARNING * * *
Okay, then.
You're too confused!
You're too confused!
You hit the deep elf archer. You burn the deep elf archer.
The deep elf archer is lightly wounded.
The fire dragon breathes flames at you. The blast of flame hits you!!!
Ouch! That really hurt!
You die...

∆
D..#...#....##.#
∆∆∆ ..##...####.
.. ..##..## #.
.#
#######T###..#
#. .#
#....(.##.#).#
..
#..(..##..'.##
#...###...#.#
##'#####'####
#...TD@...#
#....e..###
∆#....#### ∆
###### ∆


You could see a fire dragon, a deep troll and a deep elf archer.

Vanquished Creatures
  Harold (D:7)
  A wizard (D:9)
  A phantasmal warrior (D:9)
  A slime creature (D:9)
  A hippogriff (D:9)
  A spriggan (D:7)
  A wyvern (D:8)
  Grum (D:8)
  Menkaure (D:7)
  3 orc warriors
  2 ice beasts
  3 phantoms
  2 eyes of draining (D:5)
  3 centaurs
  2 wolves (D:8)
  4 ogres
  2 bullfrogs (D:6)
  2 scorpions
  A jelly (D:5)
  2 crimson imps (D:5)
  A centaur zombie (D:9)
  Crazy Yiuf (D:5)
  3 bullfrog skeletons
  A gnoll shaman (D:7)
  A centaur skeleton (D:4)
  7 orc priests
  A hound (D:6)
  7 orc wizards
  2 iguanas
  3 worker ants
  A hound zombie (D:6)
  A howler monkey zombie (D:9)
  A howler monkey skeleton (D:5)
  11 adders
  10 gnolls
  A shadow imp (D:5)
  An ooze (D:5)
  An adder skeleton (D:5)
  2 worms (D:2)
  A dart slug (D:1)
  10 leopard geckos
  31 orcs
  5 giant cockroaches
  11 goblins
  3 hobgoblins
  7 jackals
  2 quokkas
  7 bats
  3 frilled lizards
  7 kobolds
  9 rats
187 creatures vanquished.

Notes
Turn   | Place    | Note
-------+----------+-------------------------------------------
     0 | D:1      | Mrkan the Gnoll Berserker began the quest for the Orb.
     0 | D:1      | Reached XP level 1. HP: 23/23 MP: 1/1
   113 | D:1      | You fall into a shaft and drop 1 floor!
   129 | D:2      | You fall into a shaft and drop 1 floor!
   173 | D:3      | Reached XP level 2. HP: 24/29 MP: 2/2
   794 | D:2      | Reached XP level 3. HP: 19/35 MP: 1/3
   804 | D:2      | Reached skill level 1 in Invocations
  1334 | D:1      | Reached skill level 1 in Short Blades
  1334 | D:1      | Reached skill level 1 in Long Blades
  1334 | D:1      | Reached skill level 1 in Axes
  1334 | D:1      | Reached skill level 1 in Maces & Flails
  1334 | D:1      | Reached skill level 1 in Staves
  1334 | D:1      | Reached skill level 1 in Slings
  1334 | D:1      | Reached skill level 1 in Bows
  1334 | D:1      | Reached skill level 1 in Crossbows
  1334 | D:1      | Reached skill level 1 in Throwing
  1334 | D:1      | Reached skill level 1 in Stealth
  1334 | D:1      | Reached skill level 1 in Shields
  1334 | D:1      | Reached skill level 1 in Unarmed Combat
  1334 | D:1      | Reached skill level 1 in Spellcasting
  1334 | D:1      | Reached skill level 1 in Evocations
  1442 | D:1      | Reached XP level 4. HP: 39/41 MP: 5/5
  1546 | D:1      | Reached ** piety under Trog
  2400 | D:3      | Reached skill level 1 in Conjurations
  2400 | D:3      | Reached skill level 1 in Hexes
  2400 | D:3      | Reached skill level 1 in Charms
  2400 | D:3      | Reached skill level 1 in Summonings
  2400 | D:3      | Reached skill level 1 in Necromancy
  2400 | D:3      | Reached skill level 1 in Translocations
  2400 | D:3      | Reached skill level 1 in Transmutations
  2400 | D:3      | Reached skill level 1 in Fire Magic
  2400 | D:3      | Reached skill level 1 in Ice Magic
  2400 | D:3      | Reached skill level 1 in Air Magic
  2400 | D:3      | Reached skill level 1 in Earth Magic
  2400 | D:3      | Reached skill level 1 in Poison Magic
  3171 | D:3      | Reached XP level 5. HP: 42/47 MP: 6/6
  3461 | D:4      | Noticed an ogre
  3466 | D:4      | Killed an ogre
  3466 | D:4      | Reached XP level 6. HP: 53/53 MP: 8/8
  3496 | D:4      | Noticed a phantom
  3566 | D:4      | Killed a phantom
  3566 | D:4      | Reached skill level 5 in Armour
  3566 | D:4      | Reached skill level 5 in Dodging
  4020 | D:4      | Reached XP level 7. HP: 48/59 MP: 10/10
  4312 | D:5      | Entered Level 5 of the Dungeon
  4585 | D:5      | HP: 3/60 [poisoned by an orc]
  5160 | D:5      | Reached *** piety under Trog
  5330 | D:5      | Reached XP level 8. HP: 65/67 MP: 10/12
  5756 | D:5      | Found a staircase to the Ecumenical Temple.
  5875 | D:5      | Found a runed translucent door.
  5876 | D:5      | Noticed Crazy Yiuf
  6032 | D:5      | Found a bloodstained altar of Trog.
  6163 | D:5      | Killed Crazy Yiuf
  6498 | D:6      | Reached XP level 9. HP: 72/72 MP: 3/14
  6836 | D:6      | Reached **** piety under Trog
  7142 | D:7      | Noticed Menkaure
  7142 | D:7      | Noticed Harold
  7164 | D:7      | HP: 4/109 [Harold/+0 hand axe (3)]
  7166 | D:7      | Killed Menkaure
  7174 | D:7      | HP: 5/111 [Harold/+0 hand axe (1)]
  7175 | D:7      | Killed Harold
  7819 | D:7      | Reached skill level 5 in Invocations
  7950 | D:8      | Noticed Grum
  7970 | D:8      | Killed Grum
  7979 | D:8      | Reached XP level 10. HP: 42/80 MP: 9/17
  8111 | D:8      | Found an iron altar of Okawaru.
  8715 | D:9      | Found a staircase to the Lair.
  8800 | D:9      | Reached skill level 5 in Short Blades
  8800 | D:9      | Reached skill level 5 in Long Blades
  8800 | D:9      | Reached skill level 5 in Axes
  8800 | D:9      | Reached skill level 5 in Maces & Flails
  8800 | D:9      | Reached skill level 5 in Staves
  8800 | D:9      | Reached skill level 5 in Slings
  8800 | D:9      | Reached skill level 5 in Bows
  8800 | D:9      | Reached skill level 5 in Crossbows
  8800 | D:9      | Reached skill level 5 in Throwing
  8800 | D:9      | Reached skill level 5 in Stealth
  8800 | D:9      | Reached skill level 5 in Shields
  8800 | D:9      | Reached skill level 5 in Unarmed Combat
  8800 | D:9      | Reached skill level 5 in Spellcasting
  8800 | D:9      | Reached skill level 5 in Evocations
  8933 | D:9      | Noticed a wizard
  8946 | D:9      | Paralysed by a wizard for 2 turns
  8970 | D:9      | Killed a wizard
  9014 | D:9      | Noticed a phantasmal warrior
  9033 | D:9      | Killed a phantasmal warrior
  9033 | D:9      | Reached ***** piety under Trog
  9067 | D:9      | Noticed a fire dragon
  9078 | D:9      | Noticed a deep elf archer
  9085 | D:9      | Noticed a deep troll
  9096 | D:9      | Killed from afar by a fire dragon

Levels and vault maps discovered:
D:1:      sevenhm_arrival_forest_fort_small_6, layout_loops_cross
D:2:      layout_loops_corners
D:3:      layout_basic
D:4:      cheibrodos_quashed, layout_gridville, minmay_misc_feat_x,
          patterned_corridor
D:5:      layout_gridville, trog_eyes_of_draining,
          minmay_temple_entry_from_below_b, first_ration,
          uniq_crazy_yiuf_cottage
D:6:      layout_rooms
D:7:      layout_cave_pools, serial_column_ruins, column_ruins_square_large,
          column_ruins_columns_straight, column_ruins_open_small,
          column_ruins_corridor_straight, column_ruins_grid_1,
          serial_bayou_pond_c, the_bakery, uniq_menkaure, uniq_harold
D:8:      layout_basic, basic_altar, uniq_grum
D:9:      minmay_sliced_demisemicircle, layout_loops_cross, lair_entry_dummy,
          david_orc_4, fedhas_altar_1, uniq_pikel

Skill      XL: |  1  2  3  4  5  6  7  8  9 10 |
---------------+-------------------------------+-----
Invocations    | 1 2 3 4 5 |  5.9
Short Blades   | 1 2 3 4 5 |  5.4
Long Blades    | 1 2 3 4 5 |  5.4
Axes           | 1 2 3 4 5 |  5.4
Maces & Flails | 1 2 3 4 5 |  5.4
Staves         | 1 2 3 4 5 |  5.4
Slings         | 1 2 3 4 5 |  5.4
Bows           | 1 2 3 4 5 |  5.4
Crossbows      | 1 2 3 4 5 |  5.4
Throwing       | 1 2 3 4 5 |  5.4
Stealth        | 1 2 3 4 5 |  5.4
Shields        | 1 2 3 4 5 |  5.4
Unarmed Combat | 1 2 3 4 5 |  5.4
Spellcasting   | 1 2 3 4 5 |  5.4
Evocations     | 1 2 3 4 5 |  5.4
Conjurations   | 1 2 3 4 |  4.4
Hexes          | 1 2 3 4 |  4.4
Charms         | 1 2 3 4 |  4.4
Summonings     | 1 2 3 4 |  4.4
Necromancy     | 1 2 3 4 |  4.4
Translocations | 1 2 3 4 |  4.4
Transmutations | 1 2 3 4 |  4.4
Fire Magic     | 1 2 3 4 |  4.4
Ice Magic      | 1 2 3 4 |  4.4
Air Magic      | 1 2 3 4 |  4.4
Earth Magic    | 1 2 3 4 |  4.4
Poison Magic   | 1 2 3 4 |  4.4
Armour         | 5 6 7 |  7.1
Dodging        | 5 6 7 |  7.1
Fighting       | 7 8 |  8.6
Polearms       | 7 8 |  8.6

Action                   |  1- 3 |  4- 6 |  7- 9 | 10-12 || total
-------------------------+-------+-------+-------+-------++-------
Melee: Spear             |   106 |   240 |   481 |   167 ||   994
       Bite              |    10 |    39 |    78 |    16 ||   143
Throw: Dart              |       |     2 |     3 |     1 ||     6
Invok: Berserk           |     1 |       |     6 |     2 ||     9
       Trog's Hand       |       |       |     1 |       ||     1
Evoke: Wand              |       |       |     1 |       ||     1
  Use: Scroll            |       |       |    15 |       ||    15
       Potion            |       |       |     2 |       ||     2
 Stab: Sleeping          |     2 |     1 |       |       ||     3
  Eat: Chunk             |     1 |     9 |    14 |     4 ||    28
       Ration            |       |       |     2 |       ||     2
Armor: Animal skin       |    22 |    10 |       |       ||    32
       Chain mail        |       |    63 |    67 |       ||   130
       Ring mail         |       |     9 |       |       ||     9
       Plate armour      |       |       |   129 |    58 ||   187
Dodge: Dodged            |    96 |    92 |   142 |    59 ||   389
Block: Buckler           |       |    32 |    89 |    22 ||   143
